 Dungeon Crawl Stone Soup version 0.31-a0-977-gc230f8ef24 (webtiles) character file.

Game seed: 2138208638998651705

1906 Dirtsage the Martial Artist (level 9, -5/61 HPs)
             Began as an Octopode Shapeshifter on Oct 30, 2023.
             Slain by an ice beast (13 damage)
             ... on level 6 of the Dungeon.
             The game lasted 00:10:19 (5051 turns).

Dirtsage the Martial Artist (Octopode Shapeshifter) Turns: 5051, Time: 00:10:19

Health: -5/61      AC:  1    Str: 13    XL:     9   Next: 16%
Magic:  9/9        EV: 13    Int: 12    God:
Gold:   309        SH:  5    Dex: 16    Spells: 8/8 levels left

rFire   . .          .
                       - Unarmed
rCold   . . .        (no shield)
rNeg    . . .        (helmet currently unavailable)
rPois   .            h - amulet of reflection
rElec   .            (no ring)
rCorr   .            (no ring)
SInv    .            (no ring)
Will    .....        (no ring)
Stlth   ++           (no ring)
HPRegen 0.30/turn    (no ring)
MPRegen 0.11/turn    (no ring)
                     (no ring)

%: reflection
@: beast-form, studying Maces & Flails
A: beast (slay +4), almost no armour, amphibious, 8 rings, camouflage 1,
gelatinous body 1, (nimble swimmer 1), tentacles
a: Begin Untransformation


You were on level 6 of the Dungeon.
You were a hulking beast.
You visited 1 branch of the dungeon, and saw 6 of its levels.

You collected 309 gold pieces.

Inventory:

Magical Staves
 m - a staff of cold
Jewellery
 h - an amulet of reflection (around mantle)
Talismans
 b - a beast talisman
 c - a flux talisman
 k - a talisman of death
 u - a granite talisman
Wands
 f - a wand of mindburst (13)
Scrolls
 g - a scroll of fear
 j - a scroll of vulnerability
 l - a scroll of noise
 r - a scroll of butterflies
 t - 2 scrolls of teleportation
Potions
 a - a potion of lignification
 d - a potion of enlightenment {unknown}
 e - 2 potions of degeneration {unknown}
 i - a potion of might {unknown}
 n - a potion of magic
 p - a potion of brilliance
 q - 7 potions of curing
 s - a potion of mutation


   Skills:
 + Level 5.1 Fighting
 - Level 2.0 Dodging
 * Level 8.0 Unarmed Combat
 * Level 7.4 Shapeshifting


You had 8 spell levels left.
You didn't know any spells.
Your spell library contained the following spells:

 Spells                   Type           Power      Damage    Failure   Level
 Ensorcelled Hibernation  Hex/Ice        0%         N/A       45%         2
 Passwall                 Tmut/Erth      0%         N/A       45%         2
 Swiftness                Air            0%         N/A       69%         3


Dungeon Overview and Level Annotations

Branches:
Dungeon (6/15)
 Temple: D:4-7

Altars:
Elyvilon
Vehumet

Shops:
D:3 :

Annotations:
D:4 2 runed translucent doors, Vorhees's ghost, amateur HuFi
D:6 1 runed translucent door, Crazy Yiuf


Innate Abilities, Weirdness & Mutations

You are a hulking beast.
Your limbs bulge with bestial killing power. (Slay +4)
You cannot wear most types of armour.
You are amphibious.
You can wear up to eight rings at the same time.
Your skin changes colour to match your surroundings (Stealth+).
Your rubbery body absorbs attacks. (AC +1, EV +1)
((You are camouflaged when in or above water. (Stealth+)))
You have tentacles for arms and can constrict up to eight enemies at once.


Message History

You tentacle-slap the ice beast but do no damage.
Your squeeze misses the ice beast. The ice beast hits you.
The ice beast freezes you!
You take 15 damage, and have 46/61 hp.
MASSIVE DAMAGE!!
You tentacle-slap the ice beast.
The ice beast is lightly wounded.
The ice beast hits you. The ice beast freezes you!
You take 12 damage, and have 34/61 hp.
You are too injured to fight recklessly!
You tentacle-slap the ice beast but do no damage.
The ice beast is lightly wounded.
The ice beast barely misses you.
You tentacle-slap the ice beast. Your squeeze misses the ice beast.
The ice beast is lightly wounded.
The ice beast hits you. The ice beast freezes you!
You take 9 damage, and have 25/61 hp.
You barely miss the ice beast. You squeeze the ice beast!
The ice beast is moderately wounded.
The ice beast hits you. The ice beast freezes you.
You take 6 damage, and have 19/61 hp.
You tentacle-slap the ice beast.
The ice beast is heavily wounded.
The ice beast barely misses you.
You closely miss the ice beast.
Your tentacle-slap misses the ice beast.
The ice beast is heavily wounded.
You closely miss the ice beast.
The ice beast is heavily wounded.
The ice beast hits you.
* * * LOW HITPOINT WARNING * * *
The ice beast freezes you!
* * * LOW HITPOINT WARNING * * *
You take 9 damage, and have 10/61 hp.
You tentacle-slap the ice beast.
You squeeze the ice beast, but do no damage.
The ice beast is severely wounded.
The ice beast hits you.
* * * LOW HITPOINT WARNING * * *
The ice beast freezes you!
You die...

##.##..# ###########.###...
#.#.........# #..#
##########.##.#.#.#.## ##.#
#..........##.....### #.#
#........#......### #..
#..#####.#..##### #.#
#..#####.#..# #.#
#..##....Yh.# #[#
#..#...#.##.# #.#
#...........# #.#
##.......##.# #.#
#)##.#####.#############.#
##.##.# #...............#
#..##.#####..############.#
#..##........# #.#
#..#######..## #.#


You could see an ice beast.

Vanquished Creatures
  An orc warrior (D:6)
  2 water moccasins (D:6)
  2 ice beasts (D:6)
  2 black bears
  2 bullfrogs (D:6)
  A gnoll sergeant (D:6)
  4 scorpions
  5 wights (D:6)
  A howler monkey (D:5)
  A jelly (D:6)
  4 hounds
  An orc priest (D:5)
  A gnoll bouda (D:4)
  An iguana (D:6)
  5 gnolls (D:6)
  11 adders
  A shadow imp (D:6)
  A white imp (D:6)
  2 worms
  4 dart slugs
  13 orcs
  7 ball pythons
  5 endoplasms
  7 giant cockroaches
  6 goblins
  12 hobgoblins
  A quokka (D:4)
  6 bats
  5 frilled lizards
  5 kobolds
  6 rats
125 creatures vanquished.

Notes
Turn   | Place    | Note
-------+----------+-------------------------------------------
     0 | D:1      | Dirtsage the Octopode Shapeshifter began the quest for the
                  | Orb.
     0 | D:1      | Reached XP level 1. HP: 13/13 MP: 1/1
   238 | D:1      | Reached XP level 2. HP: 9/18 MP: 2/2
   478 | D:1      | Reached XP level 3. HP: 23/23 MP: 3/3
   931 | D:2      | Reached XP level 4. HP: 29/29 MP: 4/4
  1498 | D:3      | Reached skill level 4 in Unarmed Combat
  1518 | D:3      | Found a white marble altar of Elyvilon.
  1596 | D:3      | Reached XP level 5. HP: 34/34 MP: 5/5
  1737 | D:3      | Found a faded altar of an unknown god.
  1739 | D:3      | Found Ophid's Book Shoppe.
  2091 | D:4      | Reached XP level 6. HP: 39/41 MP: 6/6
  2438 | D:4      | Found a runed translucent door.
  2442 | D:4      | Noticed Vorhees's ghost (amateur HuFi)
  2613 | D:4      | Found a runed translucent door.
  2766 | D:4      | Reached skill level 5 in Unarmed Combat
  2849 | D:4      | Found a radiant altar of Vehumet.
  3052 | D:5      | Entered Level 5 of the Dungeon
  3052 | D:5      | Noticed a black bear
  3059 | D:5      | Killed a black bear
  3162 | D:5      | Reached skill level 5 in Shapeshifting
  3162 | D:5      | Reached XP level 7. HP: 46/46 MP: 7/7
  3233 | D:5      | Identified the +10 dagger of Righteous Fury {freeze, Contam
                  | Fly rC+++ Str+2}
  3513 | D:5      | You fall into a shaft and drop 1 floor!
  3579 | D:6      | Reached skill level 6 in Unarmed Combat
  3771 | D:6      | Reached XP level 8. HP: 54/54 MP: 8/8
  4056 | D:6      | Reached skill level 7 in Unarmed Combat
  4395 | D:6      | Reached XP level 9. HP: 39/60 MP: 9/9
  4499 | D:6      | Reached skill level 5 in Fighting
  4788 | D:6      | Found a runed translucent door.
  4790 | D:6      | Noticed Crazy Yiuf
  4819 | D:6      | Reached skill level 8 in Unarmed Combat
  5051 | D:6      | Slain by an ice beast

Illustrated notes

Levels and vault maps discovered:
D:1:      beargit_arrival_greenhouse, layout_basic, glass_columns_c
D:2:      layout_rooms, hangedman_decor_push
D:3:      layout_basic, nicolae_overflow_hidden_temple,
          chequers_ecumenical_altar_simple, serial_shops, shop,
          chequers_serial_rivers_room_b
D:4:      layout_cave_pools, lemuel_round_altar, ebering_ghost_sewer_f,
          minmay_manual_mail
D:5:      layout_cave_pods
D:6:      layout_loops_ring, uniq_crazy_yiuf_cottage

Skill      XL: |  1  2  3  4  5  6  7  8  9 |
---------------+----------------------------+-----
Unarmed Combat | 4 5 6 7 8 |  8.0
Fighting       | 2 3 4 5 |  5.1
Shapeshifting  | 4 5 7 |  7.4
Dodging        | |  2.0

Action                     |  1- 3 |  4- 6 |  7- 9 || total
---------------------------+-------+-------+-------++-------
  Melee: Unarmed           |    65 |   110 |   132 ||   307
         Constrict         |    19 |    27 |    21 ||    67
         Tentacles         |    15 |    23 |    26 ||    64
         Punch             |     1 |     3 |     2 ||     6
    Use: Scroll            |       |     9 |     4 ||    13
         Potion            |       |       |     2 ||     2
   Stab: Sleeping          |     4 |     8 |     4 ||    16
 Armour: Skin              |    25 |    40 |    75 ||   140
  Dodge: Dodged            |    35 |    50 |    40 ||   125
  Block: Other             |       |       |    12 ||    12

Table legend: (Time is in decaauts)
 A = Elapsed time spent in this place.
 B = Non-inter-level travel time spent in this place.
 C = Inter-level travel time spent in this place.
 D = Time resting spent in this place.
 E = Time spent auto-exploring this place.
 F = Levels seen in this place.
 G = Mean time per level.
                   A        B        C        D        E       F      G
               +--------+--------+--------+--------+--------+-----+--------+
         Total |   5019 |   4894 |    125 |    660 |   3377 |   6 |  836.5 |
       Dungeon |   5019 |   4894 |    125 |    660 |   3377 |   6 |  836.5 |
               +--------+--------+--------+--------+--------+-----+--------+

Top non-repeatable levels by time:
     D:6: 1522 daAuts
     D:4: 995 daAuts
     D:3: 759 daAuts
     D:1: 719 daAuts
     D:2: 565 daAuts
     D:5: 457 daAuts
